 Dungeon Crawl Stone Soup version 0.17-a0-1648-g0a089d4 (webtiles) character file.

134 urechis the Conjurer (level 5, 28/28 HPs)
             Began as a Gargoyle Wizard on Aug 12, 2015.
             Quit the game on level 3 of the Dungeon.
             The game lasted 00:05:46 (2682 turns).

urechis the Conjurer (Gargoyle Wizard)              Turns: 2682, Time: 00:05:46

Health: 28/28      AC:  6    Str: 11    XL:     5   Next: 17%
Magic:  8/11       EV: 11    Int: 19    God:
Gold:   129        SH:  0    Dex:  8    Spells: 4 memorised, 4 levels left

rFire  . . .     SeeInvis .     f - +0 club (curse)
rCold  . . .     Clarity  .     a - +0 robe
rNeg   + . .     SustAt   .     (no shield)
rPois  ∞         Gourm    .     b - +0 hat
rElec  +         Spirit   .     (no cloak)
rCorr  .         Warding  .     (no gloves)
rMut   .         Stasis   .     (no boots)
MR     .....                    (no amulet)
Stlth  ++........               (no ring)
                                (no ring)

@: not resistant to hostile enchantments, unstealthy
A: negative energy resistance 1, electricity resistance, unbreathing,
petrification resistance, rot immunity, AC +4
a: no special abilities


You were on level 3 of the Dungeon.
You were not hungry.

You visited 1 branch of the dungeon, and saw 3 of its levels.

You collected 129 gold pieces.

Inventory:

Hand weapons
 f - a cursed +0 club (weapon)
Armour
 a - a +0 robe (worn)
 b - a +0 hat (worn)
 g - a +0 buckler
Scrolls
 e - 3 scrolls of fear {unknown}
 i - 3 scrolls of identify {unknown}
 j - 2 scrolls of teleportation {unknown}
 l - a scroll of magic mapping {unknown}
 m - a scroll of blinking {unknown}
 n - a scroll of remove curse {unknown}
 o - a scroll of recharging {unknown}
Potions
 h - a potion of heal wounds {unknown}
 k - a potion of flight {unknown}
 p - a potion of haste {unknown}
 q - a potion of resistance {unknown}
Books
 c - a book of Minor Magic

   Spells                             Type                      Level
   a - Magic Dart                     Conjuration                  1
   b - Blink                          Translocation                2
   c - Call Imp                       Summoning                    2
   d - Repel Missiles                 Charms/Air                   2
   e - Slow                           Hexes                        2
   f - Conjure Flame                  Conjuration/Fire             3
   g - Mephitic Cloud                 Conjuration/Poison/Air       3
Comestibles
 d - a bread ration


   Skills:
 - Level 1.5 Dodging
 - Level 2.1 Stealth
 - Level 4.0 Spellcasting
 + Level 4.2 Conjurations
   Level 0.8 Summonings
 - Level 0.8 Translocations


You had 4 spell levels left.
You knew the following spells:

 Your Spells              Type           Power        Failure   Level  Hunger
a - Magic Dart            Conj           ###.         2%          1    None
b - Blink                 Tloc           N/A          17%         2    ##.....
c - Mephitic Cloud        Conj/Pois/Air  #.......     28%         3    ###....
d - Repel Missiles        Chrm/Air       #.....       21%         2    ##.....


Dungeon Overview and Level Annotations

Branches:
Dungeon (3/15)

Altars:


Innate Abilities, Weirdness & Mutations

You are resistant to torment.
Your stone body is resilient (AC +4).
You are immune to poison.
You resist negative energy.
You are resistant to electric shocks.
You can survive without breathing.
You are immune to petrification.
You are immune to rotting.


Message History

The giant cockroach is severely wounded.
A giant cockroach is nearby!
Casting: Magic Dart
Confirm with . or Enter, or press ? or * to list all spells.
Aiming: Magic Dart
Press: ? - help, Shift-Dir - straight line, f/p - giant cockroach
Aim: a giant cockroach (severely wounded, clinging)
The magic dart hits the giant cockroach.
The giant cockroach is almost dead.
A giant cockroach is nearby!
Casting: Magic Dart
Confirm with . or Enter, or press ? or * to list all spells.
Aiming: Magic Dart
Press: ? - help, Shift-Dir - straight line, f/p - giant cockroach
Aim: a giant cockroach (almost dead, clinging)
The magic dart hits the giant cockroach.
You kill the giant cockroach!
You see here a giant cockroach corpse.
Found a club.
Are you sure you want to abandon this character and quit the game? (Confirm with "yes".)

##.....#.# #.......(#
.........# #
#.).....##...
##..<......# ##....#####
.. ###..# #####...# #.##
#...)...# #.# #@# #.#
#.# #.# #.# #.# #.# #.#
#.# ##.## #####.#######
...#...#####...........#
#...............#####..
...#...#####.##†.......#


There were no monsters in sight!

Vanquished Creatures
  Jessica (D:2)
  6 adders
  A giant gecko (D:2)
  2 orcs (D:3)
  4 bats
  4 hobgoblins
  11 jackals
  6 kobolds
  A quokka (D:2)
  3 giant cockroaches
  4 giant newts
  7 goblins
  7 rats
57 creatures vanquished.

Notes
Turn   | Place    | Note
--------------------------------------------------------------
     0 | D:1      | urechis the Gargoyle Wizard began the quest for the Orb.
     0 | D:1      | Reached XP level 1. HP: 10/10 MP: 4/4
   274 | D:1      | Reached XP level 2. HP: 12/15 MP: 0/6
  1005 | D:2      | Reached XP level 3. HP: 11/19 MP: 0/8
  1463 | D:2      | Noticed Jessica
  1468 | D:2      | Killed Jessica
  1468 | D:2      | Reached skill level 4 in Spellcasting
  1468 | D:2      | Reached XP level 4. HP: 12/24 MP: 3/10
  1947 | D:2      | Learned a level 2 spell: Blink
  1951 | D:2      | Learned a level 3 spell: Mephitic Cloud
  1954 | D:2      | Learned a level 2 spell: Repel Missiles
  2083 | D:2      | Reached XP level 5. HP: 26/28 MP: 7/11
  2682 | D:3      | Quit the game

Vault maps used:
D:1:      lordsloth_arrival_two_stooges, roderic_serpentine_path
D:2:      uniq_jessica
D:3:      grunt_ministairs_7

Action                   |  1- 3 |  4- 6 || total
-------------------------+-------+-------++-------
Melee: Club              |    36 |    16 ||    52
 Cast: Magic Dart        |    63 |    72 ||   135
  Eat: Chunk             |     1 |     4 ||     5
